 Dungeon Crawl Stone Soup version 0.22.1-1-ga44c0e5 (webtiles) character file.

84 eccles the Chopper (level 4, -3/41 HPs)
             Began as a Minotaur Berserker on Oct 24, 2018.
             Was a Follower of Trog.
             Slain by a gnoll
             ... wielding a +0 flail
              (8 damage)
             ... on level 2 of the Dungeon.
             The game lasted 00:06:01 (1209 turns).

eccles the Chopper (Minotaur Berserker)             Turns: 1209, Time: 00:06:02

Health: -3/41      AC:  3    Str: 21    XL:     4   Next: 24%
Magic:  3/3        EV: 12    Int:  4    God:    Trog [*.....]
Gold:   116        SH:  0    Dex: 11    Spells: 3/3 levels left

rFire    . . .     SeeInvis .   a - +0 hand axe
rCold    . . .     Gourm    .   (no shield)
rNeg     . . .     Faith    .   b - +0 animal skin
rPois    .         Spirit   .   (helmet restricted)
rElec    .         Reflect  .   (no cloak)
rCorr    .         Harm     .   (no gloves)
MR       .....                  j - +0 pair of boots
Stlth    +.........             (no amulet)
HPRegen  0.13/turn              (no ring)
MPRegen  0.08/turn              (no ring)

@: berserk cooldown, slowed, very slow
A: retaliatory headbutt, horns 2
a: Berserk, Renounce Religion


You were on level 2 of the Dungeon.
You worshipped Trog.
Trog was aware of your devotion.
You were hungry.

You visited 1 branch of the dungeon, and saw 2 of its levels.

You collected 116 gold pieces.

Inventory:

Hand Weapons
 a - a +0 hand axe (weapon)
Armour
 b - a +0 animal skin (worn)
 j - a +0 pair of boots (worn)
Jewellery
 h - an uncursed ring of resist corrosion {unknown}
Scrolls
 d - a scroll of random uselessness {unknown}
 f - 2 scrolls of enchant weapon {unknown}
 g - 2 scrolls of identify {unknown}
 k - a scroll of remove curse {unknown}
Potions
 e - a potion of magic
Comestibles
 c - 3 rations
 i - 2 chunks of flesh


   Skills:
 + Level 4.6 Fighting
 + Level 4.8 Axes
 + Level 2.7 Armour
 + Level 2.6 Dodging
 + Level 0.8 Stealth


You had 3 spell levels left.
You didn't know any spells.
Your spell library was empty.

Dungeon Overview and Level Annotations

Branches:
Dungeon (2/15)

Altars:


Innate Abilities, Weirdness & Mutations

You reflexively headbutt those who attack you in melee.
You have a pair of horns on your head.


Message History

You are exhausted.
You feel yourself slow down.
You feel better.
The gnoll hits you with a whip of electrocution!
* * * LOW HITPOINT WARNING * * *
You feel better. The gnoll misses you.
You hit the gnoll.
The gnoll is moderately wounded.
The gnoll hits you with a whip of electrocution.
* * * LOW HITPOINT WARNING * * *
The gnoll closely misses you. You furiously retaliate!
You headbutt the gnoll! You closely miss the gnoll.
The gnoll is severely wounded.
The gnoll barely misses you. You furiously retaliate!
You headbutt the gnoll!
You kill the gnoll!
Trog accepts your kill. The gnoll hits you with a flail.
* * * LOW HITPOINT WARNING * * *
The gnoll hits you with a flail!
You die...

##### ### ##...## ##>##
#####.....### ##...##
#...........#
##.....#######...........###
#..........g@..............#
##.....#######.............#
##g.)## #.....).......#
##.## ###.#.........# ..g#
#.##........# .....
#.#.#####.#.# ##.wg. ...#
#.#.# ..... #.. #.#.## ...
#. ..#...


You could see a gnoll.

Vanquished Creatures
  3 gnolls
  2 adders (D:2)
  An ooze (D:1)
  A worm (D:2)
  3 dart slugs (D:1)
  A bat (D:1)
  4 goblins (D:1)
  2 hobgoblins (D:1)
  4 kobolds (D:1)
  A ball python (D:1)
  3 frilled lizards
  3 rats (D:1)
28 creatures vanquished.

Notes
Turn   | Place    | Note
-------+----------+-------------------------------------------
     0 | D:1      | eccles the Minotaur Berserker began the quest for the Orb.
     0 | D:1      | Reached XP level 1. HP: 19/19 MP: 0/0
   157 | D:1      | Reached XP level 2. HP: 2/27 MP: 1/1
   732 | D:1      | Reached XP level 3. HP: 29/33 MP: 2/2
  1197 | D:2      | Reached XP level 4. HP: 5/41 MP: 3/3
  1205 | D:2      | HP: 1/41 [gnoll/whip of electrocution (8)]
  1209 | D:2      | Slain by a gnoll

Skill      XL: |  1  2 |
---------------+-------+-----
Fighting       | 4 |  4.6
Axes           | 4 |  4.8
Armour         | |  2.7
Dodging        | |  2.6
Stealth        | |  0.8

Action                   |  1- 3 |  4- 6 || total
-------------------------+-------+-------++-------
Melee: Hand axe          |    54 |     2 ||    56
       Headbutt          |    13 |       ||    13
Invok: Berserk           |     2 |       ||     2
  Use: Potion            |     4 |     2 ||     6
 Stab: Sleeping          |     2 |       ||     2
  Eat: Chunk             |     2 |       ||     2
Armor: Animal skin       |     6 |       ||     6
Dodge: Dodged            |    35 |     3 ||    38
